 Dungeon Crawl Stone Soup version 0.28-b1-1-g3c77fb2 (webtiles) character file.

Game seed: 338798411879397085

208 Host24 the Bolt Thrower (level 6, -5/38 HPs)
             Began as a Kobold Hunter on Jan 29, 2022.
             Was an Initiate of Okawaru.
             Killed from afar by a white imp (6 damage)
             ... with a puff of frost
             ... on level 5 of the Dungeon.
             The game lasted 00:14:18 (5035 turns).

Host24 the Bolt Thrower (Kobold Hunter)             Turns: 5035, Time: 00:14:18

Health: -5/38      AC:  3    Str: 12    XL:     6   Next: 11%
Magic:  0/6        EV: 14    Int: 12    God:    Okawaru [......]
Gold:   155        SH:  0    Dex: 15    Spells: 5/5 levels left

rFire   . . .      SeeInvis .   a - +1 hand crossbow
rCold   . . .      Faith    .   (no shield)
rNeg    . . .      Spirit   +   c - +0 leather armour
rPois   .          Reflect  .   (no helmet)
rElec   .          Harm     .   (no cloak)
rCorr   .          Rampage  .   (no gloves)
Will    .....                   (no boots)
Stlth   +++.......              h - amulet of guardian spirit
HPRegen 0.12/turn               (no ring)
MPRegen 0.10/turn               (no ring)

@: no status effects
A: small, no large weapons, nightstalker 3, noise suppression
a: Renounce Religion


You were on level 5 of the Dungeon.
You worshipped Okawaru.
Okawaru was noncommittal.
You visited 2 branches of the dungeon, and saw 6 of its levels.

You collected 181 gold pieces.
You spent 26 gold pieces at shops.

Inventory:

Hand Weapons
 a - a +1 hand crossbow (weapon)
 b - a +0 short sword
 f - a +0 hunting sling
 v - a +1 dagger of holy wrath
Missiles
 d - 17 bolts (quivered ammo)
 j - 69 arrows
 m - 132 stones
 w - 4 poisoned darts
Armour
 c - a +0 leather armour (worn)
Jewellery
 h - an amulet of guardian spirit (around neck)
Wands
 t - a wand of polymorph (1)
Scrolls
 k - 2 scrolls of noise {unknown}
 l - a scroll of enchant armour
 n - a scroll of brand weapon {unknown}
 o - a scroll of enchant weapon {unknown}
 p - a scroll of blinking {unknown}
 y - a scroll of identify
 A - a scroll of amnesia {unknown}
Potions
 e - a potion of mutation
 g - a potion of degeneration
 i - a potion of brilliance
 q - 2 potions of haste
 r - a potion of attraction {unknown}
 s - a potion of curing {unknown}
 u - a potion of ambrosia {unknown}
 x - a potion of cancellation {unknown}
 z - a potion of might {unknown}
 B - a potion of heal wounds {unknown}


   Skills:
 - Level 4.0 Fighting
 + Level 7.2 Crossbows
 - Level 3.0 Dodging
 - Level 1.3 Stealth


You had 5 spell levels left.
You didn't know any spells.
Your spell library contained the following spells:

 Spells                   Type           Power      Damage    Failure   Level
 Magic Dart               Conj           0%         1d3       38%         1
 Sting                    Tmut/Pois      0%         1d3       38%         1
 Ensorcelled Hibernation  Hex/Ice        0%         N/A       54%         2
 Poisonous Vapours        Pois/Air       0%         N/A       54%         2
 Searing Ray              Conj           0%         2d4       54%         2
 Spider Form              Tmut/Pois      0%         N/A       77%         3
 Anguish                  Hex/Necr       0%         N/A       99%         4
 Fulminant Prism          Conj/Hex       0%         3d6       99%         4
 Olgreb's Toxic Radiance  Pois           0%         N/A       99%         4


Dungeon Overview and Level Annotations

Branches:
Dungeon (5/15)             Temple (1/1) D:4

Altars:
Ashenzari
Cheibriados
Dithmenos
Gozag
Hepliaklqana
Makhleb
Nemelex Xobeh
Okawaru
Qazlal
Ru
Trog
Uskayaw
Vehumet
Wu Jian
Yredelemnul

Shops:
D:3 ?[[   D:4 :

Annotations:
D:3 Sigmund


Innate Abilities, Weirdness & Mutations

You are small and have problems with some larger weapons.
You are completely attuned to the shadows.
You passively dampen the noise of your surroundings.


Message History

You shoot a bolt. The bolt hits the orc.
The orc is moderately wounded.
The orc closely misses you. x2
Fire: 21 bolts
Press: ? - help, Q - select action, (/) - cycle Shift-Dir - straight line, f/p - white imp
Aim: a white imp (68% to hit)
You shoot a bolt. The bolt closely misses the orc.
The bolt barely misses the white imp.
The orc hits you with a +0 dagger.
Fire: 20 bolts
Press: ? - help, Q - select action, (/) - cycle Shift-Dir - straight line, f/p - white imp
Aim: a white imp (68% to hit)
You shoot a bolt. The bolt hits the orc!
You kill the orc!
Okawaru accepts your kill. The white imp gestures at you.
The puff of frost hits you! The white imp gestures at you.
The puff of frost hits you!
* * * LOW HITPOINT WARNING * * *
Fire: 19 bolts
Press: ? - help, Q - select action, (/) - cycle Shift-Dir - straight line, f/p - white imp
Aim: a white imp (68% to hit)
You shoot a bolt. The bolt barely misses the white imp.
Unknown command.
Fire: 18 bolts
Press: ? - help, Q - select action, (/) - cycle Shift-Dir - straight line, f/p - white imp
Aim: a white imp (68% to hit)
You shoot a bolt. The bolt hits the white imp!
The white imp is almost dead.
The white imp hits you.
* * * LOW HITPOINT WARNING * * *
The white imp freezes you.
* * * LOW HITPOINT WARNING * * *
Unknown command.
It was a potion of mutation.
You feel extremely strange.
You feel your surroundings grow quieter.
The white imp gestures at you. The puff of frost hits you!
You die...

###....#...#
#...#..+...#
#.....##.....
#............
##....###
....#.###
.........#....
.......#.#.....
......#@#......
......#5#......
.......(.......##
.............#
....(....#...#
##+#+##.##...#.
#....##.....
#...........
#...#.......


You could see a white imp.

Vanquished Creatures
  A jelly (D:4)
  Natasha (thrice) (D:3)
  3 adders
  A dart slug (D:3)
  8 orcs
  4 endoplasms
  4 giant cockroaches (D:1)
  8 goblins
  4 hobgoblins
  7 jackals
  2 quokkas (D:1)
  2 ball pythons
  3 bats (D:1)
  4 frilled lizards
  9 kobolds
  4 rats
  A spectral goblin (D:3)
68 creatures vanquished.

Vanquished Creatures (others)
  A plant (D:3)
1 creature vanquished.

Grand Total: 69 creatures vanquished

Notes
Turn   | Place    | Note
-------+----------+-------------------------------------------
     0 | D:1      | Host24 the Kobold Hunter began the quest for the Orb.
     0 | D:1      | Reached XP level 1. HP: 12/12 MP: 1/1
    53 | D:1      | Reached skill level 5 in Crossbows
   253 | D:1      | Reached XP level 2. HP: 17/18 MP: 2/2
   934 | D:1      | Reached XP level 3. HP: 23/23 MP: 3/3
  1579 | D:2      | You fall into a shaft and drop 2 floors!
  1583 | D:4      | Found a staircase to the Ecumenical Temple.
  1590 | Temple   | Entered the Ecumenical Temple
  1813 | Temple   | Became a worshipper of Warmaster Okawaru
  1967 | D:4      | Reached XP level 4. HP: 9/28 MP: 1/4
  2252 | D:3      | Found Boodwius's Antique Armour Emporium.
  2276 | D:3      | Found a faded altar of an unknown god.
  2367 | D:3      | Noticed Sigmund
  2392 | D:3      | Found a snail-covered altar of Cheibriados.
  2715 | D:3      | Found Ikluruev's Armour Shop.
  2818 | D:3      | Noticed Natasha
  2827 | D:3      | Killed Natasha
  2828 | D:3      | Reached skill level 6 in Crossbows
  2915 | D:3      | Noticed Natasha
  2918 | D:3      | Killed Natasha
  2919 | D:3      | Reached XP level 5. HP: 25/32 MP: 3/5
  3152 | D:3      | Found Juolyc's Magic Scroll Boutique.
  3157 | D:3      | Bought a scroll of identify for 26 gold pieces
  3184 | D:3      | Found a hazy altar of Hepliaklqana.
  3396 | D:3      | Noticed Natasha
  3403 | D:3      | Killed Natasha
  3404 | D:3      | Reached skill level 7 in Crossbows
  3685 | D:3      | Found a faded altar of an unknown god.
  3686 | D:3      | Found a bloodstained altar of Trog.
  4642 | D:4      | Reached XP level 6. HP: 28/38 MP: 4/6
  4649 | D:4      | Noticed a water moccasin
  4656 | D:4      | Noticed an ice beast
  4656 | D:4      | a water moccasin changed into an ice beast
  4658 | D:4      | Noticed a wyvern
  4658 | D:4      | an ice beast changed into a wyvern
  4660 | D:4      | Noticed a tengu
  4660 | D:4      | a wyvern changed into a tengu
  4877 | D:4      | Found Qusuth's Book Emporium.
  4970 | D:5      | Entered Level 5 of the Dungeon
  5034 | D:5      | HP: 1/38 [white imp (2)]
  5035 | D:5      | Gained mutation: You passively dampen the noise of your
                  | surroundings. [potion of mutation]
  5035 | D:5      | Killed from afar by a white imp

Illustrated notes

Levels and vault maps discovered:
D:1:      giann_bridges, layout_basic
D:2:      layout_basic
D:3:      layout_basic, nicolae_hepliaklqana_monster_ancestors,
          chequers_temple_overflow_minitemple,
          mainiacjoe_overflow_surrounded_room,
          nicolae_overflow_ecumenical_swirl, serial_shops, shop, shop,
          nicolae_shop_overgrown_old_shop, chequers_ecumenical_altar_simple,
          uniq_sigmund, uniq_natasha
D:4:      layout_cave_pools, minmay_temple_entry_glassed_door, serial_shops,
          nicolae_shop_crystal
D:5:      layout_basic, portal_sewer_entry_a, uniq_prince_ribbit1,
          uniq_blork_the_orc
Temple:   minmay_temple_bridge_abc

Skill      XL: |  1  2  3  4  5  6 |
---------------+-------------------+-----
Crossbows      | 5 6 7 |  7.2
Fighting       | 3 4 |  4.0
Dodging        | 3 |  3.0
Stealth        | |  1.3

Action                   |  1- 3 |  4- 6 || total
-------------------------+-------+-------++-------
Melee: Short sword       |    97 |   111 ||   208
       Punch             |       |     1 ||     1
 Fire: Hand crossbow     |     8 |    41 ||    49
Evoke: Wand              |       |     4 ||     4
  Use: Scroll            |       |     3 ||     3
       Potion            |       |     2 ||     2
 Stab: Sleeping          |    11 |     9 ||    20
Armor: Leather armour    |    15 |    24 ||    39
Dodge: Dodged            |    89 |    87 ||   176
